 Dungeon Crawl Stone Soup version 0.28-a0-751-gef3a642a4e (webtiles) character file.

Game seed: 16642782139402799713

255817 1994 the Warrior (level 19, -3/267 HPs)
             Began as an Ogre Transmuter on Oct 30, 2021.
             Was an Initiate of Gozag.
             Killed by divine providence
             ... invoked by a living spell
             ... summoned by a walking divine tome
              (8 damage)
             ... in a wizard's laboratory.
             The game lasted 02:10:37 (42425 turns).

1994 the Warrior (Ogre Transmuter)                 Turns: 42425, Time: 02:10:37

Health: -3/267     AC: 30    Str: 17    XL:     19   Next: 79%
Magic:  34/34      EV: 13    Int: 22    God:    Gozag
Gold:   3774       SH: 23    Dex:  9    Spells: 7/40 levels left

rFire   . . .      SeeInvis +     - Unarmed
rCold   + . .      Faith    .   E - +1 tower shield
rNeg    + . .      Spirit   .   (armour currently unavailable)
rPois   ∞          Reflect  +   U - +1 hat {Will+}
rElec   +          Harm     .   l - +1 cloak of Starlight {*Dazzle EV+4 Stlth--}
rCorr   .          Rampage  .   (gloves unavailable)
Will    +++..                   (boots unavailable)
Stlth   ..........              Z - amulet of Iray {Reflect rPois Str-2 Int+2 SH+5 SInv}
HPRegen 0.54/turn               M - ring of protection from cold
MPRegen 0.24/turn               x - ring of willpower

@: statue-form, very slow
A: slow and powerful, torment resistance 1, boosted hp, large, unfitting armour,
(tough skin 1)
}: 2/15 runes: barnacled, gossamer
a: End Transformation, Renounce Religion, Potion Petition, Call Merchant, Bribe
Branch


You were in a wizard's laboratory.
You worshipped Gozag.
Gozag was most pleased with you.
You were a living statue of rough stone.
You visited 7 branches of the dungeon, and saw 34 of its levels.
You also visited: Ossuary and Wizlab.

You collected 14026 gold pieces.
You spent 3212 gold pieces at shops.
You paid 7040 gold pieces to Gozag.

Inventory:

Missiles
 f - 50 boomerangs (quivered)
 q - 13 throwing nets
 C - 9 javelins
 D - 8 curare-tipped darts
 S - 26 large rocks
Armour
 l - the +1 cloak of Starlight (worn) {*Dazzle EV+4 Stlth--}
   (You bought it in a shop on level 9 of the Dungeon)

   It may blind those who miss an attack against the wearer in melee combat.
   EV:        It affects your evasion (+4).
   Stlth:     It makes you much less stealthy.
 E - a +1 tower shield (worn)
 G - a +2 robe of positive energy (melded)
 U - a +1 hat of willpower (worn)
Jewellery
 x - a ring of willpower (right fist)
 y - a ring of wizardry
 M - a ring of protection from cold (left fist)
 R - the amulet "Puptol" {Regen+ Int+4 Slay+3}
   (You bought it in a shop on level 9 of the Dungeon)

   [amulet of regeneration]

   Int:       It affects your intelligence (+4).
   Slay:      It affects your accuracy & damage with ranged weapons and melee
   (+3).
   Regen:     It increases your rate of health regeneration.
 W - a +6 ring of intelligence
 X - a ring of resist corrosion
 Y - a ring of protection from fire
 Z - the amulet of Iray (around neck) {Reflect rPois Str-2 Int+2 SH+5 SInv}
   (You found it on level 12 of the Dungeon)

   [amulet of reflection]

   It reflects blocked missile attacks.
   Str:       It affects your strength (-2).
   Int:       It affects your intelligence (+2).
   rPois:     It protects you from poison.
   SInv:      It lets you see invisible.
   SH:        It affects your SH (+5).
Wands
 d - a wand of acid (19)
 k - a wand of iceblast (33)
 w - a wand of paralysis (16)
 T - a wand of polymorph (4)
 V - a wand of charming (20)
Scrolls
 b - 8 scrolls of identify
 c - 2 scrolls of fear
 h - 4 scrolls of holy word
 i - 4 scrolls of magic mapping
 m - 8 scrolls of blinking
 p - 16 scrolls of teleportation
 u - 3 scrolls of silence
 H - a scroll of summoning
 I - 3 scrolls of fog
 J - 4 scrolls of immolation
Potions
 e - 4 potions of attraction
 g - 2 potions of heal wounds
 j - 6 potions of flight
 n - 5 potions of lignification
 r - 3 potions of resistance
 s - 9 potions of curing
 t - 5 potions of might
 v - 6 potions of cancellation
 z - 4 potions of invisibility
 A - 2 potions of ambrosia
 B - 3 potions of mutation
 K - 3 potions of haste
 L - 7 potions of brilliance
 N - a potion of berserk rage


   Skills:
 + Level 16.4 Fighting
 + Level 8.7 Throwing
 - Level 2.0 Dodging
 * Level 14.7 Shields
 + Level 13.7 Unarmed Combat
 - Level 11.0 Spellcasting
 - Level 4.0 Conjurations
 - Level 3.0 Translocations
 + Level 13.6 Transmutations
 - Level 6.0 Ice Magic
 * Level 9.2 Air Magic
 - Level 10.0 Earth Magic
 - Level 3.0 Poison Magic


You had 7 spell levels left.
You knew the following spells:

 Your Spells              Type           Power      Damage    Failure   Level
a - Beastly Appendage     Tmut           100%       N/A       1%          1
b - Wereblood             Tmut           64%        N/A       1%          2
c - Spider Form           Tmut/Pois      24%        N/A       1%          3
d - Ice Form              Ice/Tmut       53%        N/A       1%          4
e - Statue Form           Tmut/Erth      39%        N/A       7%          6
f - Passwall              Tmut/Erth      49%        N/A       1%          2
g - Blink                 Tloc           50%        N/A       2%          2
h - Apportation           Tloc           50%        N/A       1%          1
i - Storm Form            Tmut/Air       29%        N/A       41%         7
j - Irradiate             Conj/Tmut      25%        3d22      4%          5

Your spell library contained the following spells:

 Spells                   Type           Power      Damage    Failure   Level
 Freeze                   Ice            100%       1d11      1%          1
 Magic Dart               Conj           100%       1d8       1%          1
 Sting                    Tmut/Pois      100%       1d8       1%          1
 Static Discharge         Conj/Air       41%        N/A       1%          2
 Frozen Ramparts          Ice            76%        1d9       1%          3
 Ignite Poison            Fire/Tmut/Pois 36%        N/A       1%          3
 Mephitic Cloud           Conj/Pois/Air  35%        N/A       1%          3
 Stone Arrow              Conj/Erth      84%        3d12      1%          3
 Swiftness                Air            52%        N/A       1%          3
 Petrify                  Tmut/Erth      59%        N/A       1%          4
 Foxfire                  Conj/Fire      80%        2x1d8     2%          1
 Ensorcelled Hibernation  Hex/Ice        50%        N/A       2%          2
 Lee's Rapid Deconstruct  Erth           27%        3d15*     2%          5
 Gell's Gravitas          Tloc           12%        N/A       4%          3
 Lesser Beckoning         Tloc           25%        N/A       4%          3
 Teleport Other           Tloc           25%        N/A       4%          3
 Alistair's Intoxication  Tmut/Pois      32%        N/A       4%          5
 Hailstorm                Conj/Ice       34%        3d9       7%          4
 Conjure Flame            Conj/Fire      20%        6-21      8%          3
 Dazzling Flash           Conj/Hex       40%        N/A       8%          3
 Call Imp                 Summ           12%        N/A       9%          2
 Scorch                   Fire           24%        2d6       9%          2
 Sublimation of Blood     Necr           6%         N/A       9%          2
 Yara's Violent Unravell  Hex/Tmut       21%        3d10      10%         5
 Iskenderun's Mystic Bla  Conj/Tloc      27%        2d7       13%         4
 Passage of Golubria      Tloc           25%        N/A       16%         4
 Summon Ice Beast         Ice/Summ       25%        N/A       16%         4
 Inner Flame              Hex/Fire       12%        N/A       17%         3
 Tukima's Dance           Hex            12%        N/A       17%         3
 Flame Wave               Conj/Fire      20%        3d6       24%         4
 Fulminant Prism          Conj/Hex       10%        3d9       24%         4
 Sticky Flame             Conj/Fire      20%        2d4       24%         4
 Silence                  Hex/Air        16%        N/A       24%         5
 Manifold Assault         Tloc           25%        N/A       41%         5
 Metabolic Englaciation   Hex/Ice        12%        N/A       41%         5
 Iron Shot                Conj/Erth      21%        9d5       43%         6
 Cause Fear               Hex            6%         N/A       50%         4
 Dispel Undead            Necr           12%        3d9       50%         4
 Conjure Ball Lightning   Conj/Air       20%        3x3d6     50%         6
 Fireball                 Conj/Fire      10%        3d6       56%         5
 Agony                    Necr           12%        N/A       83%         5
 Invisibility             Hex            6%         N/A       100%        6
 Discord                  Hex            6%         N/A       100%        8
 Disjunction              Tloc           12%        N/A       100%        8
 Fire Storm               Conj/Fire      10%        8d3       100%        9
 Polar Vortex             Ice            19%        N/A       100%        9


Dungeon Overview and Level Annotations

Branches:
Dungeon (15/15)            Temple (1/1) D:7            Lair (6/6) D:11
 Shoals (4/4) Lair:3       Spider (4/4) Lair:3        Slime (0/5) Lair:5
    Orc (2/2) D:9             Elf (2/3) Orc:2        Vaults (0/5) D:14
 Depths (0/4) D:15        Ossuary (visited)          WizLab (1/1)

Altars:
Ashenzari
Cheibriados
Dithmenos
Elyvilon
Fedhas
Gozag
Hepliaklqana
Kikubaaqudgha
Makhleb
Qazlal
Ru
Sif Muna
Vehumet
Wu Jian
Yredelemnul
The Shining One
Beogh
Jiyva

Shops:
D:1 !   D:2 *   D:5 [   D:9 =*=[   D:11 :   D:14 ::   Orc:2 =?(:**   Shoals:3 (

Portals:
Trove: D:11 (give 6 scrolls of fog)

Annotations:
Lair:4 exclusion: oklob plant


Innate Abilities, Weirdness & Mutations

You are a living statue of rough stone.
Your actions are slow, but your melee attacks are powerful.
You are resistant to unholy torment.
Your maximum health is greatly increased.
You are immune to poison.
Your equipment is partially melded.
You are too large for most types of armour.
((You have tough skin. (AC +1)))


Message History

You block the +2 short sword of flaming's attack.
The +1 halberd of holy wrath misses you.
You block the walking divine tome's attack.
The +2 short sword of flaming barely misses you.
The +1 halberd of holy wrath hits you but does no damage.
The living spell casts itself at you. Something smites you!
* * * LOW HITPOINT WARNING * * *
The living spell casts itself at you. Something smites you!
* * * LOW HITPOINT WARNING * * *
The living spell casts itself at you. Something smites you!
* * * LOW HITPOINT WARNING * * *
Unknown command.
Unknown command.
Unknown command.
You feel much better.
You block the +2 short sword of flaming's attack.
You block the +1 halberd of holy wrath's attack.
The +2 short sword of flaming barely misses you.
The walking divine tome erupts in a flurry of living spells!
You block the +1 halberd of holy wrath's attack.
You block the +2 short sword of flaming's attack.
Unknown command.
You hit the walking divine tome but do no damage.
The walking divine tome is severely damaged.
The walking divine tome barely misses you.
The +2 short sword of flaming hits you!
* * * LOW HITPOINT WARNING * * *
The +2 short sword of flaming burns you.
* * * LOW HITPOINT WARNING * * *
You block the +1 halberd of holy wrath's attack.
The living spell casts itself at you. Something smites you!
* * * LOW HITPOINT WARNING * * *
The living spell casts itself at you. Something smites you!
You die...
Your body crumbles into a pile of gold.

##### ####### #####
####}[[:[###########
#####.....######...###
##...........##$$$..###
....*..*....$...##...##
..###(....###...##..###
#####;..#####.....###
###8#####..#..###
##.(.#####...###
##.....####..###
##..⌠..###...##
##.....###..###
###...####''## ###.###
#..## ###...####...##
##...###.....###...##


You could see a walking divine tome and 2 dancing weapons.

Vanquished Creatures
  Arachne (Spider:3)
  Rupert (D:12)
  Asterion (Spider:3)
  2 walking frostbound tomes (WizLab)
  Frances (D:13)
  Gastronok (Lair:2)
  Kirke (D:12)
  Ilsuiw (Shoals:2)
  2 storm dragons
  2 strange machines (WizLab)
  2 orc warlords
  Aizul (Spider:1)
  Louise (Shoals:2)
  6 ghost moths
  3 emperor scorpions
  2 deep elf demonologists
  3 entropy weavers
  Snorg (D:12)
  4 spark wasps (Spider:4)
  3 merfolk javelineers
  9 merfolk impalers
  A deep elf high priest (Elf:1)
  4 rakshasas
  5 boulder beetles
  8 vault guards (D:14)
  The ghost of dricus the Thaumaturge, a journeyman DjAE of Gozag (D:10)
  3 catoblepae (Lair:6)
  10 hydras
  A merfolk avatar (Shoals:2)
  3 alligator snapping turtles
  7 merfolk aquamancers
  9 centaur warriors
  3 ogre magi
  A satyr (Shoals:3)
  7 death yaks (Lair:6)
  3 death knights
  The ghost of Ginteh the Tainter, a journeyman OpVM of Sif Muna (D:13)
  4 two-headed ogres
  2 deep elf knights (Elf:1)
  Nergalle (Lair:3)
  Sonja (Lair:1)
  A fire crab (shapeshifter) (D:15)
  5 skeletal warriors (D:15)
  11 sea snakes
  3 wizards
  12 deep elf zephyrmancers
  A phantasmal warrior (D:12)
  3 deep elf archers (Elf:1)
  26 harpies
  17 deep elf pyromancers
  A wolf spider zombie (D:15)
  A necromancer (D:15)
  11 orb spiders
  22 wolf spiders
  2 orc knights (D:15)
  8 orc sorcerers (Orc:2)
  9 fauns
  15 manticores
  15 ugly things
  7 slime creatures
  2 moths of wrath
  3 cyclopes (D:12)
  A black mamba (shapeshifter) (D:13)
  3 black mambas (Lair:6)
  2 naga magi (D:15)
  12 elephants
  9 merfolk sirens
  An eye of devastation (shapeshifter) (D:13)
  A torpor snail (shapeshifter) (D:15)
  10 cane toads
  2 gargoyles
  10 water nymphs
  3 torpor snails (Spider:3)
  2 rime drakes
  3 efreet
  3 freezing wraiths
  2 yaktaurs
  3 kobold demonologists (D:11)
  2 tengu conjurers
  9 komodo dragons
  An unseen horror (D:12)
  14 demonic crawlers
  6 trolls
  A troll (shapeshifter) (D:14)
  32 jumping spiders
  2 polar bears
  30 merfolk
  14 hornets
  7 snapping turtles
  13 blink frogs
  24 dream sheep (Lair:6)
  12 wind drakes
  8 air elementals (Shoals:4)
  A centaur simulacrum (D:15)
  2 shadows
  19 water elementals
  5 wraiths
  85 redbacks
  23 tarantellas
  48 yaks
  A spriggan (shapeshifter) (D:9)
  2 wyverns
  7 basilisks
  3 hogs (D:12)
  A hog (shapeshifter) (Elf:1)
  2 steam dragons
  Grum (D:9)
  8 wargs
  A swamp worm (shapeshifter) (D:15)
  8 vampire mosquitoes
  13 water moccasins
  An acid dragon (D:14)
  Duvessa (D:7)
  A meliai simulacrum (D:13)
  21 orc warriors
  A hornet zombie (D:6)
  A sky beast (shapeshifter) (D:13)
  A black bear (D:6)
  An ice beast (D:5)
  16 wolves
  A boggart (D:10)
  8 ogres
  18 centaurs
  3 elf zombies (Ossuary)
  5 kobold brigands
  A gnoll sergeant (D:8)
  11 bullfrogs
  Dowan (D:7)
  7 scorpions
  3 earth elementals
  A wyvern skeleton (D:7)
  8 killer bees
  13 wights
  3 vampire bats (D:15)
  11 howler monkeys
  7 electric eels
  3 centaur zombies
  A human zombie (Ossuary)
  3 hounds
  A jelly (D:4)
  2 gnoll shamans
  14 orc priests
  3 centaur skeletons
  Ijyb (D:2)
  3 iguanas
  32 orc wizards
  3 hound zombies (Ossuary)
  A hound skeleton (D:2)
  3 mummies (Ossuary)
  2 howler monkey zombies (D:7)
  16 gnolls
  9 adders
  A shadow imp (D:8)
  A white imp (D:7)
  2 ufetubi
  3 adder zombies (Ossuary)
  An adder skeleton (D:4)
  2 worms (Lair:3)
  2 dart slugs
  58 orcs
  5 endoplasms
  2 giant cockroaches
  2 gnoll zombies (Ossuary)
  12 goblins
  12 hobgoblins
  10 jackals
  20 kobolds
  2 quokkas
  4 ball pythons
  10 bats
  6 frilled lizards
  3 goblin zombies (Ossuary)
  3 hobgoblin zombies (Ossuary)
  6 jackal zombies (Ossuary)
  2 kobold zombies (Ossuary)
  2 orc zombies (Ossuary)
  2 quokka zombies (Ossuary)
  4 rats
  3 rat zombies (Ossuary)
  2 bushes (D:14)
1194 creatures vanquished.

Vanquished Creatures (others)
  18 dancing weapons
  An orb spider (shapeshifter) (Elf:1)
  A deep elf pyromancer (D:15)
  An orc (Orc:2)
  25 fungi
  78 plants
124 creatures vanquished.

Grand Total: 1318 creatures vanquished

Notes
Turn   | Place    | Note
-------+----------+-------------------------------------------
     0 | D:1      | 1994 the Ogre Transmuter began the quest for the Orb.
     0 | D:1      | Reached XP level 1. HP: 19/19 MP: 3/3
   243 | D:1      | Reached XP level 2. HP: 28/28 MP: 2/5
   247 | D:1      | Learned a level 2 spell: Wereblood
   327 | D:1      | Found Opretup's Distillery.
   341 | D:1      | Found a faded altar of an unknown god.
   362 | D:1      | Reached skill level 2 in Fighting
   825 | D:1      | Prayed at the altar of an unknown god.
   825 | D:1      | Became a worshipper of Gozag Ym Sagoz the Greedy
   850 | D:1      | Reached XP level 3. HP: 33/35 MP: 4/6
  1144 | D:1      | Learned a level 3 spell: Spider Form
  1417 | D:2      | Reached XP level 4. HP: 34/44 MP: 8/8
  1757 | D:2      | Found Xiot's Assorted Antiques.
  1761 | D:2      | Bought a scroll labelled IGHYOF MOTI for 30 gold pieces
  1761 | D:2      | Bought a scroll labelled FOCSOMOCUDGH for 30 gold pieces
  1761 | D:2      | Bought a fuming clear potion for 27 gold pieces
  1839 | D:2      | Reached skill level 3 in Fighting
  1902 | D:2      | Reached skill level 1 in Poison Magic
  1991 | D:2      | Noticed Ijyb
  2053 | D:2      | Killed Ijyb
  2054 | D:2      | Reached XP level 5. HP: 39/53 MP: 9/9
  2339 | D:1      | Bought a potion of curing for 42 gold pieces
  2339 | D:1      | Bought a potion of heal wounds for 70 gold pieces
  2339 | D:1      | Bought a potion of might for 56 gold pieces
  2549 | D:3      | Found a broken altar of Ashenzari.
  2658 | D:3      | Got Zoxa's Grimoire of Ashen Transmutation
  2708 | D:3      | Found a stormy altar of Qazlal.
  2775 | D:3      | Noticed a water elemental
  2775 | D:3      | Noticed an air elemental
  2775 | D:3      | Noticed a fire elemental
  2973 | D:2      | Bought a bone ring for 150 gold pieces
  3022 | D:4      | Found a shimmering blue altar of Sif Muna.
  3052 | D:4      | Reached skill level 1 in Throwing
  3141 | D:4      | Reached XP level 6. HP: 56/62 MP: 6/10
  3309 | D:4      | Found a burning altar of Makhleb.
  3337 | D:4      | Reached skill level 4 in Fighting
  3502 | D:4      | Found a glowing golden altar of the Shining One.
  3863 | D:4      | Found a white marble altar of Elyvilon.
  3898 | D:4      | Found a shadowy altar of Dithmenos.
  4226 | D:5      | Entered Level 5 of the Dungeon
  4226 | D:5      | Found Duddat's Armour Emporium.
  4232 | D:5      | Learned a level 4 spell: Ice Form
  4369 | D:5      | Identified the +2 helmet of the Cuttlefish {Rampage Will+
                  | Regen+ rCorr Int-4}
  4384 | D:5      | Noticed an ice beast
  4390 | D:5      | Reached XP level 7. HP: 46/71 MP: 8/11
  4517 | D:5      | Reached skill level 1 in Ice Magic
  4713 | D:5      | Found a hazy altar of Hepliaklqana.
  4713 | D:5      | Found an opulent altar of Gozag.
  4713 | D:5      | Found a basalt altar of Yredelemnul.
  4717 | D:5      | Found a sacrificial altar of Ru.
  5185 | D:5      | Reached skill level 5 in Fighting
  5390 | D:6      | Reached XP level 8. HP: 25/80 MP: 7/13
  6741 | D:7      | Found a staircase to the Ecumenical Temple.
  6750 | D:7      | Reached skill level 6 in Fighting
  6755 | Temple   | Entered the Ecumenical Temple
  6925 | D:7      | Reached skill level 5 in Unarmed Combat
  6937 | D:7      | Reached XP level 9. HP: 92/92 MP: 10/15
  6950 | D:7      | Noticed Duvessa
  6956 | D:7      | Noticed Dowan
  6960 | D:7      | Killed Duvessa
  6971 | D:7      | Killed Dowan
  6972 | D:7      | Reached skill level 5 in Transmutations
  7011 | D:7      | Found a sand-covered staircase.
  7017 | Ossuary  | Entered an ossuary
  7126 | Ossuary  | Reached skill level 7 in Fighting
  7654 | D:7      | Learned a level 6 spell: Statue Form
  7953 | D:8      | Reached skill level 5 in Spellcasting
  8086 | D:8      | Noticed a two-headed ogre
  8114 | D:8      | Killed a two-headed ogre
  8115 | D:8      | Reached skill level 8 in Fighting
  8115 | D:8      | Reached XP level 10. HP: 99/104 MP: 17/17
  8367 | D:9      | Found a snail-covered altar of Cheibriados.
  8430 | D:9      | Noticed a wizard
  8451 | D:9      | Found a staircase to the Orcish Mines.
  8454 | D:9      | Killed a wizard
  8455 | D:9      | Reached skill level 1 in Earth Magic
  8499 | D:9      | Noticed a two-headed ogre
  8505 | D:9      | Noticed Grum
  8603 | D:8      | Killed a two-headed ogre
  8604 | D:8      | Reached skill level 5 in Ice Magic
  8717 | D:9      | Noticed a centaur warrior
  8724 | D:9      | Killed a centaur warrior
  8725 | D:9      | Reached skill level 9 in Fighting
  8966 | D:9      | Killed Grum
  9112 | D:9      | Reached XP level 11. HP: 115/115 MP: 15/20
  9160 | D:9      | Noticed a two-headed ogre
  9176 | D:9      | Killed a two-headed ogre
  9543 | D:10     | Entered Level 10 of the Dungeon
  9547 | D:10     | Noticed dricus's ghost (journeyman DjAE)
  9550 | D:10     | Found a runed translucent door.
  9595 | D:10     | Reached skill level 5 in Throwing
  9654 | D:9      | Reached skill level 10 in Fighting
  9874 | D:10     | Noticed a seven-headed hydra
 10046 | D:10     | Killed a seven-headed hydra
 10420 | D:10     | Noticed a two-headed ogre
 10453 | D:10     | Killed a two-headed ogre
 10693 | D:10     | Found an ornate altar of the Wu Jian Council.
 10826 | D:10     | Killed dricus's ghost
 11128 | D:11     | Noticed a manticore
 11141 | D:11     | Killed a manticore
 11142 | D:11     | Reached skill level 5 in Earth Magic
 11270 | D:11     | Reached XP level 12. HP: 127/127 MP: 18/22
 11317 | D:11     | Found a portal to a secret trove of treasure.
 11348 | D:11     | Noticed a boulder beetle
 11360 | D:11     | Noticed a four-headed hydra
 11376 | D:10     | Killed a boulder beetle
 11432 | D:11     | Killed a four-headed hydra
 11709 | D:11     | Noticed a boulder beetle
 11854 | D:10     | Killed a boulder beetle
 12164 | D:11     | Found a staircase to the Lair.
 12198 | D:11     | Reached skill level 11 in Fighting
 12337 | D:11     | Identified the +3 trident of Stickiness {vamp, rElec rF+
                  | Int+3 Stlth+}
 12337 | D:11     | Identified the +1 chain mail of Joy {rF+}
 12337 | D:11     | Noticed a rakshasa
 12581 | D:11     | Killed a rakshasa
 12837 | D:11     | Found a staircase to the Lair.
 12855 | Lair:1   | Entered Level 1 of the Lair of Beasts
 13052 | Lair:1   | Noticed Sonja
 13054 | Lair:1   | Killed Sonja
 13066 | Lair:1   | Noticed a four-headed hydra
 13075 | Lair:1   | Killed a four-headed hydra
 13524 | Lair:1   | Identified the +6 mace of the Wheel {vorpal, rElec}
 13601 | Lair:1   | Noticed a seven-headed hydra
 13609 | Lair:1   | Killed a seven-headed hydra
 13610 | Lair:1   | Reached XP level 13. HP: 132/137 MP: 21/25
 13994 | Lair:2   | Learned a level 2 spell: Passwall
 14149 | Lair:2   | Found the +8 arc blade {discharge, rElec}
 14151 | Lair:2   | Noticed Gastronok
 14286 | Lair:2   | Killed Gastronok
 14928 | Lair:3   | Found a staircase to the Shoals.
 14986 | Lair:3   | Reached skill level 10 in Unarmed Combat
 15021 | Lair:3   | Found a hole to the Spider Nest.
 15221 | Lair:3   | Noticed Nergalle
 15231 | Lair:3   | Killed Nergalle
 15686 | Lair:4   | Reached skill level 12 in Fighting
 15732 | Lair:4   | Reached skill level 10 in Transmutations
 16935 | Lair:5   | Found a viscous altar of Jiyva.
 16941 | Lair:5   | Found a staircase to the Slime Pits.
 17226 | Lair:5   | Reached XP level 14. HP: 150/150 MP: 27/27
 17461 | Lair:6   | Entered Level 6 of the Lair of Beasts
 18084 | Lair:6   | Reached skill level 13 in Fighting
 18260 | Lair:6   | Reached skill level 10 in Spellcasting
 19165 | Lair:4   | Learned a level 2 spell: Blink
 19954 | Orc:1    | Entered Level 1 of the Orcish Mines
 19959 | Orc:1    | Noticed an orc warlord
 19981 | D:9      | Killed an orc warlord
 20304 | Orc:1    | Reached skill level 1 in Translocations
 20642 | Orc:2    | Entered Level 2 of the Orcish Mines
 20642 | Orc:2    | Found a staircase to the Elven Halls.
 20736 | Orc:2    | Found Qepsulu's General Store.
 20741 | Orc:2    | Found Kuotteud's Specific Store.
 20751 | Orc:2    | Noticed an orc warlord
 20777 | Orc:1    | Reached XP level 15. HP: 65/161 MP: 29/29
 20778 | Orc:1    | Reached skill level 10 in Earth Magic
 20976 | Orc:1    | Killed an orc warlord
 20977 | Orc:1    | Reached skill level 1 in Shields
 21101 | Orc:2    | Bought a scroll of fear for 42 gold pieces
 21101 | Orc:2    | Bought a potion of mutation for 96 gold pieces
 21335 | Orc:2    | Found an ancient bone altar of Kikubaaqudgha.
 21411 | Orc:2    | Found a radiant altar of Vehumet.
 21490 | Orc:2    | Found Arrew's Book Shoppe.
 21524 | Orc:2    | Found Ciary's Jewellery Emporium.
 21545 | Orc:2    | Found Puloph's Magic Scroll Shoppe.
 21547 | Orc:2    | Bought a book of Party Tricks for 510 gold pieces
 21549 | Orc:2    | Learned a level 1 spell: Apportation
 21558 | Orc:2    | Bought a scroll of teleportation for 54 gold pieces
 21558 | Orc:2    | Bought a scroll of teleportation for 54 gold pieces
 21558 | Orc:2    | Bought 2 scrolls of teleportation for 108 gold pieces
 21558 | Orc:2    | Bought a scroll of identify for 36 gold pieces
 21558 | Orc:2    | Bought a scroll of identify for 36 gold pieces
 21558 | Orc:2    | Bought a scroll of identify for 36 gold pieces
 21606 | Orc:2    | Found Vofoluss's Antique Weapon Emporium.
 21695 | D:9      | Bought a ring of see invisible for 225 gold pieces
 21697 | D:9      | Bought the amulet "Puptol" {Regen+ Int+4 Slay+3} for 638
                  | gold pieces
 21714 | D:9      | Bought the +1 cloak of Starlight {*Dazzle EV+4 Stlth--} for
                  | 732 gold pieces
 21714 | D:9      | Found the +1 cloak of Starlight {*Dazzle EV+4 Stlth--}
 21729 | D:9      | Bought a potion of cancellation for 240 gold pieces
 22081 | D:12     | Noticed Rupert
 22094 | D:12     | Killed Rupert
 22461 | D:12     | Noticed a storm dragon
 22461 | D:12     | Found a runed translucent door.
 22504 | D:12     | Killed a storm dragon
 22520 | D:12     | Identified the amulet of Iray {Reflect rPois Str-2 Int+2
                  | SH+5 SInv}
 22527 | D:12     | Got the Volume of the Rocks and Heat
 22529 | D:12     | Got Goacos Byhi's Disquisition on Flying Ice
 22732 | D:12     | Noticed Snorg
 22755 | D:12     | Killed Snorg
 23084 | D:12     | Identified the +1 helmet of Indemnity {Drain rC+ Str+3
                  | SInv}
 23241 | D:12     | Noticed Kirke
 23257 | D:12     | Killed Kirke
 23679 | D:13     | Found a runed translucent gate.
 23680 | D:13     | Found a runed translucent gate.
 23681 | D:13     | Found a runed translucent gate.
 23682 | D:13     | Noticed Ginteh's ghost (journeyman OpVM)
 23705 | D:13     | Killed Ginteh's ghost
 23706 | D:13     | Reached skill level 14 in Fighting
 23829 | D:13     | Reached skill level 5 in Shields
 23892 | D:13     | Noticed Frances
 23905 | D:13     | Killed Frances
 24815 | D:14     | Found a gate to the Vaults.
 24834 | D:14     | Reached XP level 16. HP: 172/172 MP: 31/31
 25982 | D:14     | Identified a scroll of acquirement
 25983 | D:14     | Acquired 1153 gold pieces
 25995 | D:15     | Entered Level 15 of the Dungeon
 26455 | D:15     | Reached skill level 10 in Shields
 26686 | D:15     | Found a staircase to the Depths.
 27945 | Spider:1 | Entered Level 1 of the Spider Nest
 27991 | Spider:1 | Noticed Aizul
 28374 | Lair:3   | Learned a level 7 spell: Storm Form
 28539 | Spider:1 | Killed Aizul
 28540 | Spider:1 | Reached skill level 1 in Air Magic
 28850 | Lair:3   | Found a hole to the Spider Nest.
 29814 | Spider:1 | Reached XP level 17. HP: 174/180 MP: 27/32
 29965 | Spider:1 | You fall into a shaft and drop 1 floor!
 29983 | Spider:3 | Noticed Asterion
 30013 | Spider:3 | Noticed Arachne
 30037 | Spider:3 | Killed Arachne
 30216 | Spider:3 | Noticed an Executioner
 30223 | Spider:3 | Killed Asterion
 31259 | Spider:3 | Learned a level 5 spell: Irradiate
 31770 | Spider:4 | Entered Level 4 of the Spider Nest
 31795 | Spider:4 | Reached skill level 1 in Conjurations
 33834 | Spider:4 | Reached skill level 5 in Air Magic
 34485 | Spider:4 | Reached skill level 15 in Fighting
 34497 | Spider:4 | Reached XP level 18. HP: 193/193 MP: 0/33
 34607 | Spider:4 | Got a gossamer rune of Zot
 34769 | Shoals:1 | Entered Level 1 of the Shoals
 35603 | Shoals:2 | Noticed Ilsuiw
 35632 | Shoals:2 | Killed Ilsuiw
 35890 | Shoals:2 | Identified the +11 short sword of Impatience {speed, rN++
                  | Stlth-}
 35995 | Shoals:2 | Noticed Louise
 36011 | Shoals:2 | Killed Louise
 37366 | Shoals:3 | Found Ruareuf's Antique Weapon Shoppe.
 37674 | Shoals:4 | Entered Level 4 of the Shoals
 37694 | Shoals:4 | Paralysed by an air elemental for 1 turns
 37699 | Shoals:4 | Paralysed by an air elemental for 1 turns
 38231 | Shoals:4 | Identified the +3 short sword of the Foot {vorpal, Int+4}
 38349 | Shoals:4 | Paralysed by an air elemental for 1 turns
 38351 | Shoals:4 | Paralysed by an air elemental for 1 turns
 38584 | Shoals:4 | Got a barnacled rune of Zot
 38589 | Shoals:4 | Identified the +0 rapier of Bright Tender Mercy {pain,
                  | Will+}
 38591 | Shoals:4 | Got Usamp's Papyrus of Poisonous Confrontation
 38605 | Shoals:4 | Reached XP level 19. HP: 204/204 MP: 34/34
 38877 | Shoals:4 | Found a blossoming altar of Fedhas.
 38895 | Shoals:4 | Paralysed by an air elemental for 1 turns
 38900 | Shoals:4 | Paralysed by an air elemental for 1 turns
 38974 | Shoals:4 | Paralysed by an air elemental for 1 turns
 38998 | Shoals:4 | Paralysed by an air elemental for 1 turns
 39000 | Shoals:4 | Paralysed by an air elemental for 1 turns
 39007 | Shoals:4 | Paralysed by an air elemental for 1 turns
 39529 | Shoals:4 | Reached skill level 16 in Fighting
 40006 | Elf:1    | Entered Level 1 of the Elven Halls
 40274 | Elf:1    | Found a shimmering blue altar of Sif Muna.
 40316 | Elf:1    | HP: 10/204 [deep elf zephyrmancer/bolt of lightning (10)]
 41813 | Elf:2    | Found a magical portal.
 42056 | WizLab   | Entered Tukima's Studio
 42301 | WizLab   | Identified the +4 triple crossbow "Fatriez" {speed, rElec}
 42342 | WizLab   | Got the Catalogue of Enchantment
 42347 | WizLab   | Noticed 1994's illusion
 42404 | WizLab   | Noticed 1994's illusion
 42423 | WizLab   | HP: 9/267 [living spell/divine providence[a walking divine
                  | tome] (11)]
 42425 | WizLab   | Killed from afar by a living spell

Illustrated notes

Levels and vault maps discovered:
D:1:      dpeg_arrival_pits, layout_basic, ebering_ecumenical_altar_webs,
          serial_shops, shop
D:2:      kennysheep_the_goblin_king, layout_loops_ring, serial_shops,
          nicolae_shop_statue_plus, minmay_misc_feat_cross, minmay_pentomino_p4
D:3:      layout_basic, nicolae_qazlal_style_of_elements,
          nicolae_ashenzari_skybound, uniq_ijyb
D:4:      kb_forest_paths, layout_basic,
          nicolae_dithmenos_through_a_glass_darkly, lemuel_tele_altar,
          tso_metal_star, elyvilon_altar_3,
          mainiacjoe_overflow_concentric_impassable
D:5:      layout_gridville, grunt_temple_overflow_open, serial_shops,
          nicolae_shop_waterfront, serial_bayou_crossing
D:6:      layout_basic
D:7:      layout_rooms, minmay_temple_entry_enclosed_plants,
          nicolae_ossuary_entry_plus, uniq_duvessa
D:8:      layout_basic, serial_glass, glass_columns_a, glass_columns_a,
          item_on_display_b, feat_on_display
D:9:      layout_long_grid, kennysheep_slug_shrine, orc_0_dummy,
          nrook_loot_triangle, kb_rosetta, uniq_grum
D:10:     layout_cave_pods, pdpol_wu_jian_five_deadly_venoms,
          hellmonk_ghost_happy_afterlife
D:11:     minmay_cut_squares, layout_basic, erik_lair_orcish_takeover,
          nicolae_trove_entry_free_sample
D:12:     layout_long_grid, minmay_st_funbox, uniq_kirke, uniq_snorg,
          uniq_rupert
D:13:     minmay_chambers_of_sevens, layout_basic, ebering_ghost_rock_garden,
          serial_curves, eino_curves_01, eino_curves_01, uniq_frances
D:14:     layout_small_grid, erik_vaults_2, serial_park_square1
          [serial_park_minivault_5x5_6]
D:15:     grunt_enter_depths_magical_seal, layout_layer_cave, roderic_batcave,
          minivault_14, grunt_tough_drop
Temple:   jpeg_temple_island
Lair:1:   layout_gridlike, infiniplex_staircase_pool, lemuel_fruit_tree,
          uniq_sonja
Lair:2:   layout_gridlike, chequers_serial_rivers_small_a, grunt_megastairs_2,
          lemuel_fruit_fields, uniq_gastronok
Lair:3:   layout_chaotic_city, minmay_shoals_entry_lonely_mermaid,
          nicolae_spider_entry_non_spiders, grunt_megastairs_4, uniq_nergalle
Lair:4:   layout_hall_layers, minmay_lair_oklob_bushes
Lair:5:   layout_regular_city, slime_altar_1, serial_bayou_shore_a
Lair:6:   evilmike_catoblepas_cave, layout_misc_corridors
Shoals:1: layout_shoals, nicolae_shoals_arrival_archipelago
Shoals:2: layout_shoals, uniq_louise, uniq_ilsuiw
Shoals:3: layout_shoals, serial_shops, nicolae_stop_n_shop_1,
          nicolae_shoals_flooded_hall
Shoals:4: shoals_end_hellmonk_storm_palace [storm_palace_center_ruins,
          storm_palace_corner_altar, storm_palace_corner_narrow,
          storm_palace_corner_grid, storm_palace_corner_pillars], serial_shops
Spider:1: layout_spider_delve, uniq_aizul
Spider:2: layout_spider_delve, hangedman_spider_tarantella_strand
Spider:3: layout_chambers, guppyfry_hornet_nest, uniq_arachne, uniq_asterion
Spider:4: spider_rune_water
Orc:1:    layout_caves
Orc:2:    kennysheep_orc_mage_school, layout_caves, nicolae_specific_store
Elf:1:    minmay_elf_arrival_plus, layout_loops_corners, basic_altar,
          kennysheep_underground_church
Elf:2:    elven_hall_of_blades_hangedman_original
          [nicolae_blade_entry_floor_patterns], layout_loops_cross,
          mu_enter_wizlab_1, serial_shops, bzr_entry_lakeside
WizLab:   wizlab_tukima

Skill      XL: |  1  2  3  4  5  6  7  8  9 10 11 12 13 14 15 16 17 18 19 |
---------------+----------------------------------------------------------+-----
Transmutations | 2 3 4 5 6 7 9 10 11 12 13 | 13.6
Fighting       | 2 3 4 5 6 8 9 10 11 12 13 14 15 16 | 16.4
Unarmed Combat | 3 4 5 6 7 8 9 10 11 12 13 | 13.7
Dodging        | 2 |  2.0
Poison Magic   | 1 2 3 |  3.0
Throwing       | 1 2 3 4 5 6 7 8 |  8.7
Spellcasting   | 3 4 5 6 7 8 9 10 11 | 11.0
Ice Magic      | 1 3 4 5 6 |  6.0
Earth Magic    | 2 5 7 8 9 10 | 10.0
Translocations | 1 3 |  3.0
Shields        | 7 11 13 14 | 14.7
Air Magic      | 2 5 7 9 |  9.2
Conjurations   | 3 4 |  4.0

Action                   |  1- 3 |  4- 6 |  7- 9 | 10-12 | 13-15 | 16-18 | 19-21 || total
-------------------------+-------+-------+-------+-------+-------+-------+-------++-------
Melee: Unarmed           |   111 |   255 |   373 |   521 |   954 |  1471 |   374 ||  4059
       Headbutt          |    11 |    18 |    37 |     8 |     3 |     2 |       ||    79
       Kick              |    12 |    30 |    47 |    14 |     7 |     2 |       ||   112
       Punch             |       |       |     7 |     5 |    33 |     4 |     3 ||    52
Throw: Dart              |       |       |       |       |    16 |       |       ||    16
       Javelin           |       |       |       |       |     3 |     2 |       ||     5
       Boomerang         |       |       |       |       |       |    56 |       ||    56
 Cast: Beastly Appendage |    20 |    32 |    21 |     5 |     7 |     2 |       ||    87
       Wereblood         |     3 |     2 |     2 |     5 |     9 |     2 |       ||    23
       Spider Form       |       |     5 |     5 |     7 |       |       |       ||    17
       Ice Form          |       |       |    11 |    39 |    26 |     1 |       ||    77
       Statue Form       |       |       |       |       |    50 |    85 |    16 ||   151
       Passwall          |       |       |       |       |     2 |       |       ||     2
       Irradiate         |       |       |       |       |       |    15 |     2 ||    17
       Storm Form        |       |       |       |       |       |     3 |     8 ||    11
       Blink             |       |       |       |       |       |     2 |     1 ||     3
Invok: Call Merchant     |       |       |       |       |     4 |     2 |     1 ||     7
 Abil: End Transformatio |       |     1 |     1 |     8 |     7 |     1 |       ||    18
       Blinkbolt         |       |       |       |       |       |     2 |     8 ||    10
Evoke: Wand              |       |       |       |     2 |       |       |       ||     2
  Use: Scroll            |       |     7 |     7 |     8 |     6 |     5 |     2 ||    35
       Potion            |       |       |       |     5 |     1 |     9 |     4 ||    19
 Stab: Distracted        |       |     1 |       |     4 |     7 |     6 |       ||    18
       Paralysed         |       |       |       |     5 |       |       |       ||     5
       Invisible         |       |       |       |       |     6 |    22 |     1 ||    29
       Held in net/web   |       |       |       |       |       |     1 |       ||     1
Armor: Robe              |    41 |    47 |    48 |    30 |    11 |    41 |       ||   218
       Skin              |       |     2 |    40 |   155 |   830 |  1123 |   155 ||  2305
Dodge: Dodged            |    54 |   137 |   175 |   278 |   799 |  1073 |   163 ||  2679
Block: Other             |       |       |       |       |    43 |    24 |    15 ||    82
       Reflection        |       |       |       |       |     3 |    96 |    20 ||   119
       Tower shield      |       |       |       |       |       |  2406 |   387 ||  2793

Table legend: (Time is in decaauts)
 A = Elapsed time spent in this place.
 B = Non-inter-level travel time spent in this place.
 C = Inter-level travel time spent in this place.
 D = Time resting spent in this place.
 E = Time spent auto-exploring this place.
 F = Levels seen in this place.
 G = Mean time per level.
                   A        B        C        D        E       F      G
               +--------+--------+--------+--------+--------+-----+--------+
         Total |  45874 |  42945 |   2929 |  10188 |  19123 |  36 | 1274.3 |
       Dungeon |  20353 |  18873 |   1480 |   4198 |   8869 |  15 | 1356.9 |
        Temple |      1 |      1 |      0 |      0 |      0 |   1 |    1.0 |
          Lair |   8901 |   8064 |    837 |   1656 |   4351 |   6 | 1483.5 |
        Shoals |   6001 |   5812 |    189 |   1751 |   1916 |   4 | 1500.2 |
   Spider Nest |   6096 |   5806 |    290 |   1480 |   2424 |   4 | 1524.0 |
  Orcish Mines |   2010 |   1920 |     90 |    510 |    609 |   2 | 1005.0 |
   Elven Halls |   1732 |   1692 |     40 |    411 |    826 |   2 |  866.0 |
       Ossuary |    349 |    349 |      0 |      0 |     74 |   1 |  349.0 |
        Wizlab |    427 |    427 |      0 |    180 |     52 |   1 |  427.0 |
               +--------+--------+--------+--------+--------+-----+--------+

Top non-repeatable levels by time:
  Lair:3: 2568 daAuts
Spider:3: 2397 daAuts
Shoals:4: 2308 daAuts
    D:11: 2130 daAuts
    D:15: 2077 daAuts
     D:9: 2062 daAuts
Spider:4: 2060 daAuts
  Lair:4: 1839 daAuts
     D:5: 1620 daAuts
    D:13: 1609 daAuts
Shoals:3: 1603 daAuts
    D:12: 1541 daAuts
     D:4: 1424 daAuts
    D:10: 1416 daAuts
Shoals:2: 1396 daAuts
